 Dungeon Crawl Stone Soup version 0.26-a0-639-g72c4674329 (webtiles) character file.

Game seed: 17141420150513378453

36336 Conn the Thaumaturge (level 13, -17/86 HPs)
             Began as an Octopode Hedge Wizard on Sept 19, 2020.
             Was an Elder of Sif Muna.
             Demolished by a cane toad (21 damage)
             ... on level 5 of the Lair of Beasts.
             The game lasted 02:07:11 (28896 turns).

Conn the Thaumaturge (Octopode Hedge Wizard)       Turns: 28896, Time: 02:07:11

Health: -17/86     AC: 10    Str: 10 (11) XL:     13   Next: 89%
Magic:  0/38       EV: 12    Int: 23 (26) God:    Sif Muna [****..]
Gold:   1020       SH:  9    Dex: 10 (11) Spells: 15/36 levels left

rFire    + + +     SeeInvis .   B - +1 rapier (protect)
rCold    + + +     Faith    .   R - +2 shield of Resistance {rF++ rC++ MR++}
rNeg     . . .     Spirit   +   b - +2 hat
rPois    +         Reflect  .   n - amulet of guardian spirit
rElec    +         Harm     .   l - ring of protection from cold
rCorr    +         Rampage  .   w - ring of resist corrosion
MR       ++...                  s - ring of fire
Stlth    ++++++....             v - ring of wizardry
HPRegen  0.24/turn              C - ring of stealth
MPRegen  0.26/turn              P - +6 ring of intelligence
                                T - ring of ice
                                V - ring of magical power

@: about to teleport, resistant, protection aura, flying
A: almost no armour, stealthy swim, amphibious, 8 rings, constrict 8, camouflage
1, gelatinous body 1
a: Channel Magic, Forget Spell, Divine Exegesis, Renounce Religion


You were on level 5 of the Lair of Beasts.
You worshipped Sif Muna.
Sif Muna was greatly pleased with you.
You visited 3 branches of the dungeon, and saw 19 of its levels.

You collected 1020 gold pieces.

Inventory:

Hand Weapons
 a - a +0 dagger
 k - a +0 short sword
 o - a +0 vampiric dagger
 A - a +2 dagger of venom
 B - a +1 rapier of protection (weapon)
 H - the +8 falchion of Pride {elec, rElec rF- Str-3 SInv}
   (You found it on level 7 of the Dungeon)

   Occasionally, upon striking a foe, it will discharge some electrical energy
   and cause terrible harm.
   It affects your strength (-3).
   It makes you vulnerable to fire.
   It insulates you from electricity.
   It lets you see invisible.
 S - a +0 dagger of electrocution
Missiles
 d - 74 poisoned darts
 x - 8 curare-tipped darts (quivered)
 y - 58 sling bullets
 G - 6 boomerangs of dispersal
Armour
 b - a +2 hat (worn)
 R - the +2 shield of Resistance (worn) {rF++ rC++ MR++}
   (You found it on level 11 of the Dungeon)

   It greatly protects you from fire.
   It greatly protects you from cold.
   It affects your resistance to hostile enchantments.
Jewellery
 l - a ring of protection from cold (left tentacle)
 n - an amulet of guardian spirit (around mantle)
 s - a ring of fire (on tentacle)
 v - a ring of wizardry (on tentacle)
 w - a ring of resist corrosion (right tentacle)
 C - a ring of stealth (on tentacle)
 P - a +6 ring of intelligence (on tentacle)
 T - a ring of ice (on tentacle)
 U - an uncursed ring of flight
 V - a ring of magical power (on tentacle)
 Y - an uncursed ring of magical power
Wands
 u - a wand of random effects (10)
 J - a wand of digging (9)
 K - a wand of acid (8)
 N - a wand of iceblast (4)
 Q - a wand of polymorph (9)
 X - a wand of flame (9)
Scrolls
 c - 21 scrolls of identify
 p - 11 scrolls of remove curse
 q - 9 scrolls of teleportation
 D - 4 scrolls of enchant armour
 L - 4 scrolls of amnesia
 M - a scroll of immolation
Potions
 e - 3 potions of flight
 f - a potion of resistance
 g - a potion of degeneration
 h - 3 potions of heal wounds
 j - 4 potions of lignification {unknown}
 m - 2 potions of haste {unknown}
 r - 2 potions of brilliance {unknown}
 t - 2 potions of magic {unknown}
 z - a potion of curing
 E - 2 potions of invisibility {unknown}
 F - a potion of ambrosia {unknown}
 I - 2 potions of cancellation {unknown}
 O - a potion of berserk rage {unknown}
 W - a potion of stabbing {unknown}


   Skills:
 + Level 7.1 Fighting
 + Level 7.4 Short Blades
 + Level 2.6 Throwing
 + Level 5.4 Dodging
 - Level 10.3 Stealth
 * Level 2.1 Shields
 * Level 12.0 Spellcasting
 * Level 8.9 Conjurations
 + Level 3.8 Summonings
 + Level 4.5 Translocations
 * Level 5.6 Fire Magic
 + Level 4.0 Air Magic
 * Level 2.7 Earth Magic
 - Level 3.4 Poison Magic
 + Level 4.1 Invocations
 + Level 1.7 Evocations


You had 15 spell levels left.
You knew the following spells:

 Your Spells              Type           Power        Failure   Level
a - Magic Dart            Conj           ####         1%          1
b - Blink                 Tloc           N/A          2%          2
c - Call Imp              Summ           ####....     3%          2
d - Conjure Flame         Conj/Fire      ######..     1%          3
e - Mephitic Cloud        Conj/Pois/Air  #####...     3%          3
f - Iskenderun's Battles  Conj           ######..     7%          5
g - Bolt of Magma         Conj/Fire/Erth ######....   24%         5

Your spell library contained the following spells:

 Spells                   Type           Power        Failure   Level
 Corpse Rot               Necr/Air       N/A          6%          2
 Freeze                   Ice            ###.         10%         1
 Slow                     Hex            ##......     14%         2
 Sublimation of Blood     Necr           ##........   14%         2
 Dispel Undead            Necr           ##......     65%         4
 Iron Shot                Conj/Erth      #####.....   75%         6
 Orb of Destruction       Conj           ######....   87%         7
 Agony                    Necr           ##......     92%         5
 Excruciating Wounds      Necr           ##........   92%         5
 Spellforged Servitor     Conj/Summ      #####.....   99%         7


Dungeon Overview and Level Annotations

Branches:
Dungeon (13/15)            Temple (1/1) D:4            Lair (5/6) D:11
  Swamp (0/4) Lair:3       Spider (0/4) Lair:4          Orc (0/2) D:9
 Vaults (0/5) D:13
  Slime: Lair:5-6

Altars:
Ashenzari
Cheibriados
Dithmenos
Elyvilon
Fedhas
Gozag
Hepliaklqana
Kikubaaqudgha
Makhleb
Nemelex Xobeh
Okawaru
Qazlal
Ru
Sif Muna
Trog
Uskayaw
Vehumet
Wu Jian
Xom
Yredelemnul
Zin
The Shining One
Lugonu

Shops:
D:12 *

Annotations:
D:10 3 runed translucent doors, Hastur's ghost, journeyman MiAM
D:11 2 runed translucent doors
D:12 3 runed translucent doors, Adichip's ghost, journeyman MfFi; Azrael
Lair:1 exclusion: oklob plant
Lair:5 exclusion: oklob plant


Innate Abilities, Weirdness & Mutations

You cannot wear most types of armour.
You are very stealthy in the water. (Stealth+)
You are amphibious.
You can wear up to eight rings at the same time.
You can use your tentacles to constrict eight enemies at once.
Your skin changes colour to match your surroundings (Stealth+).
Your rubbery body absorbs attacks. (AC +1, EV +1)


Message History

The killer bee appears confused.
The cane toad stings you!
* * * LOW HITPOINT WARNING * * *
The killer bee stings the wyvern!
Casting: Mephitic Cloud (mildly dangerous; 2% risk of failure)
Confirm with . or Enter, or press ? or * to list all spells.
Okay, then.
Unknown command.
Unknown command.
It was a potion of degeneration.
There was something very wrong with that liquid.
You feel weakened.
You feel dopey.
You feel clumsy.
The meliai mumbles some strange prayers to its god against you.
Something smites you!
* * * LOW HITPOINT WARNING * * *
You block the cane toad's attack.
The killer bee stings the wyvern.
The meliai mumbles some strange prayers to its god against you.
Something smites you!
* * * LOW HITPOINT WARNING * * *
The cane toad stings you!!
You die...

### #@##
##lF# .
#.y## .#.
##y## ...
#...##
#.##....#
#...†..##
##.#...#.#
##.......##


You could see a cane toad, a wyvern (confused), a meliai and a killer bee
(confused).

Vanquished Creatures
  Harold (D:8)
  7 hydras
  5 vault guards (D:13)
  A catoblepas (Lair:4)
  A death yak (Lair:2)
  A fire crab (Lair:2)
  A wizard (D:13)
  A cyclops (D:13)
  Maurice (D:13)
  An elephant (D:11)
  3 black mambas
  A gargoyle (D:13)
  6 cane toads
  A yaktaur (D:13)
  A rime drake (Lair:3)
  A komodo dragon (Lair:3)
  A troll (D:12)
  A tengu conjurer (D:13)
  A polar bear (Lair:2)
  4 jumping spiders (Lair:4)
  A slime creature (Lair:4)
  A tyrant leech (Lair:3)
  9 blink frogs
  4 hippogriffs
  A dream sheep (Lair:2)
  A meliai zombie (D:12)
  4 redbacks (Lair:4)
  2 wyverns
  44 yaks
  5 basilisks
  2 insubstantial wisps (Lair:3)
  Menkaure (D:4)
  4 vampire mosquitoes
  A swamp worm (Lair:3)
  An acid dragon (D:12)
  9 water moccasins
  3 orc warriors
  4 porcupines
  3 ice beasts
  A black bear (D:7)
  4 sky beasts
  6 ogres
  A wolf (Lair:2)
  3 boggarts (D:12)
  5 centaurs
  2 crocodiles
  A big kobold (D:11)
  Blork the orc (D:4)
  7 bullfrogs
  15 killer bees
  4 scorpions
  4 wights (D:9)
  A howler monkey (D:7)
  A bullfrog zombie (D:11)
  5 electric eels (D:8)
  A centaur zombie (D:8)
  13 orc wizards
  A bullfrog skeleton (D:5)
  2 hounds
  11 jellies
  3 centaur skeletons
  A gnoll shaman (D:7)
  Crazy Yiuf (D:2)
  5 orc priests
  7 iguanas
  2 hell rats (Lair:5)
  14 worker ants
  A statue (D:7)
  A worker ant zombie (D:5)
  9 adders
  7 gnolls
  5 shadow imps
  2 white imps
  An ufetubus (D:7)
  8 oozes
  2 adder skeletons
  3 dart slugs
  3 leopard geckos
  55 orcs
  A ball python (D:8)
  A giant cockroach (D:4)
  7 goblins
  2 hobgoblins
  9 jackals
  9 kobolds
  7 quokkas
  5 bats
  7 frilled lizards
  3 rats
410 creatures vanquished.

Vanquished Creatures (collateral kills)
  A two-headed ogre (D:8)
  An elephant (Lair:2)
  A rime drake (Lair:3)
  3 vampire mosquitoes
  An ogre (D:8)
  A bullfrog (Lair:3)
  2 killer bees (D:11)
  A hound (D:4)
  5 oozes (Lair:4)
  An orc (D:11)
  4 jackals
21 creatures vanquished.

Vanquished Creatures (others)
  A wizard (D:10)
  A harpy (shapeshifter) (D:11)
  A cane toad (Lair:1)
  A killer bee (Lair:5)
  An adder (D:8)
  A bush (Lair:3)
  28 fungi
  77 plants
111 creatures vanquished.

Grand Total: 542 creatures vanquished

Notes
Turn   | Place    | Note
-------+----------+-------------------------------------------
     0 | D:1      | Conn the Octopode Hedge Wizard began the quest for the Orb.
     0 | D:1      | Reached XP level 1. HP: 11/11 MP: 4/4
   225 | D:1      | Reached XP level 2. HP: 17/17 MP: 1/6
   232 | D:1      | Learned a level 2 spell: Blink
   235 | D:1      | Learned a level 2 spell: Call Imp
  1088 | D:2      | Found a runed translucent door.
  1089 | D:2      | Noticed Crazy Yiuf
  1170 | D:2      | Killed Crazy Yiuf
  1170 | D:2      | Reached XP level 3. HP: 11/22 MP: 1/8
  1459 | D:2      | Learned a level 3 spell: Conjure Flame
  1469 | D:2      | Found a shattered altar of Ashenzari.
  1521 | D:2      | Found a burning altar of Makhleb.
  1651 | D:2      | Reached XP level 4. HP: 22/27 MP: 7/9
  2739 | D:4      | Found an opulent altar of Gozag.
  2740 | D:4      | Found a glowing silver altar of Zin.
  2774 | D:4      | Reached skill level 4 in Spellcasting
  2774 | D:4      | Reached XP level 5. HP: 30/32 MP: 6/11
  2780 | D:4      | Learned a level 3 spell: Mephitic Cloud
  2834 | D:4      | Found a staircase to the Ecumenical Temple.
  2843 | Temple   | Entered the Ecumenical Temple
  2930 | D:4      | Noticed Menkaure
  2935 | D:4      | Killed Menkaure
  2935 | D:4      | Reached skill level 1 in Short Blades
  2935 | D:4      | Reached XP level 6. HP: 37/37 MP: 12/12
  3023 | D:4      | Noticed Blork the orc
  3034 | D:5      | Entered Level 5 of the Dungeon
  3169 | D:5      | Reached skill level 5 in Stealth
  3172 | D:5      | Reached skill level 1 in Fighting
  4617 | D:4      | Reached XP level 7. HP: 34/43 MP: 7/13
  4821 | D:4      | You fall into a shaft and drop 2 floors!
  4942 | D:6      | Found a glowing golden altar of the Shining One.
  5126 | D:6      | Found a hide-covered altar of Uskayaw.
  5126 | D:6      | Found a snail-covered altar of Cheibriados.
  5130 | D:6      | Found a shimmering altar of Xom.
  5844 | D:6      | Reached skill level 5 in Spellcasting
  5844 | D:6      | Reached XP level 8. HP: 48/48 MP: 10/15
  5920 | D:6      | Found a sparkling altar of Nemelex Xobeh.
  6039 | D:6      | Found a sacrificial altar of Ru.
  6729 | D:6      | Found a shadowy altar of Dithmenos.
  7000 | D:6      | Reached skill level 6 in Spellcasting
  7000 | D:6      | Reached XP level 9. HP: 21/55 MP: 8/18
  7288 | D:4      | Found a stormy altar of Qazlal.
  7613 | D:4      | Reached skill level 5 in Conjurations
  8006 | D:4      | Killed Blork the orc
  8262 | D:7      | Got a bloodstained falchion
  8263 | D:7      | Identified the +8 falchion of Pride {elec, rElec rF- Str-3
                  | SInv} (You found it on level 7 of the Dungeon)
  8293 | D:7      | Found a radiant altar of Vehumet.
  8602 | D:7      | Found a hazy altar of Hepliaklqana.
  8622 | D:7      | Reached skill level 1 in Fire Magic
  8624 | D:7      | Reached skill level 1 in Air Magic
  8995 | D:7      | Reached skill level 1 in Poison Magic
  9254 | D:8      | Noticed a two-headed ogre
  9298 | D:8      | Killed a two-headed ogre
  9298 | D:8      | Reached skill level 1 in Throwing
  9298 | D:8      | Reached skill level 7 in Spellcasting
  9500 | D:8      | Reached XP level 10. HP: 63/63 MP: 20/20
  9519 | D:8      | Noticed Harold
  9553 | D:8      | Killed Harold
 10269 | D:8      | Found a radiant altar of Vehumet.
 11191 | D:9      | Found a shimmering blue altar of Sif Muna.
 11195 | D:9      | Became a worshipper of Sif Muna the Loreminder
 11203 | D:9      | Identified Sif Muna's Almanac of Cold
 11458 | D:9      | Found a staircase to the Orcish Mines.
 11833 | D:9      | Reached skill level 8 in Spellcasting
 12113 | D:10     | Entered Level 10 of the Dungeon
 12475 | D:10     | Found a runed translucent gate.
 12475 | D:10     | Found a runed translucent gate.
 12475 | D:10     | Found a runed translucent gate.
 12476 | D:10     | Noticed Hastur's ghost (journeyman MiAM)
 12476 | D:10     | Noticed an 11-headed hydra
 12476 | D:10     | Noticed an 11-headed hydra
 12946 | D:10     | Reached * piety under Sif Muna
 13100 | D:10     | Found an iron altar of Okawaru.
 13511 | D:10     | Reached XP level 11. HP: 56/70 MP: 10/23
 13556 | D:10     | Reached skill level 5 in Short Blades
 13607 | D:10     | Reached skill level 10 in Stealth
 13611 | D:10     | Reached skill level 1 in Invocations
 14372 | D:10     | Found a bloodstained altar of Trog.
 14374 | D:10     | Noticed a wizard
 14380 | D:10     | Killed a wizard
 14623 | D:11     | Found a staircase to the Lair.
 14656 | D:11     | Reached skill level 9 in Spellcasting
 14984 | D:11     | Noticed a harpy
 14996 | D:11     | Noticed a five-headed hydra
 15499 | D:11     | Noticed an ice dragon
 15649 | D:11     | Noticed an ice dragon
 15651 | D:11     | Noticed a fire dragon
 15652 | D:11     | Noticed a fire dragon
 15669 | D:11     | Found a runed translucent door.
 15670 | D:11     | Found the +2 shield of Resistance {rF++ rC++ MR++}
 15670 | D:11     | Found a runed translucent door.
 15706 | D:11     | Reached ** piety under Sif Muna
 15991 | D:13     | Noticed Maurice
 15996 | D:13     | Noticed a cyclops
 16018 | D:13     | Killed a cyclops
 16026 | D:13     | Killed Maurice
 16026 | D:13     | Reached skill level 5 in Fighting
 16323 | D:13     | Noticed a vault guard
 16332 | D:13     | Killed a vault guard
 16356 | D:13     | Noticed a vault guard
 16362 | D:13     | Noticed a vault guard
 16375 | D:13     | Noticed a wizard
 16535 | D:13     | Killed a vault guard
 16543 | D:13     | Noticed a vault guard
 16684 | D:13     | Killed a vault guard
 16735 | D:13     | Noticed a vault guard
 16757 | D:13     | Reached skill level 10 in Spellcasting
 16757 | D:13     | Reached XP level 12. HP: 43/78 MP: 5/26
 17136 | D:13     | Killed a vault guard
 17239 | D:13     | Killed a vault guard
 17250 | D:13     | Reached skill level 1 in Evocations
 17285 | D:13     | Found a gate to the Vaults.
 18093 | D:12     | Found a runed translucent gate.
 18127 | D:12     | Found a runed translucent gate.
 18127 | D:12     | Found a runed translucent gate.
 18128 | D:12     | Found an opulent altar of Gozag.
 18128 | D:12     | Found Koer's Assorted Antiques.
 18128 | D:12     | Noticed a death knight
 18128 | D:12     | Noticed an ettin
 18128 | D:12     | Noticed Adichip's ghost (journeyman MfFi)
 18147 | D:12     | Noticed a death knight
 18494 | D:12     | Noticed Azrael
 18807 | D:11     | Killed a five-headed hydra
 20098 | Lair:1   | Entered Level 1 of the Lair of Beasts
 20144 | Lair:1   | Noticed a four-headed hydra
 20163 | Lair:1   | Killed a four-headed hydra
 20383 | Lair:1   | Reached *** piety under Sif Muna
 21056 | Lair:2   | Reached skill level 5 in Dodging
 21056 | Lair:2   | Reached skill level 11 in Spellcasting
 21269 | Lair:2   | Reached XP level 13. HP: 50/85 MP: 12/28
 23011 | Lair:3   | Found a staircase to the Swamp.
 23167 | Lair:3   | Learned a level 5 spell: Iskenderun's Battlesphere
 23173 | Lair:3   | Learned a level 5 spell: Bolt of Magma
 23802 | Lair:3   | Reached skill level 1 in Earth Magic
 24843 | Lair:2   | Reached skill level 1 in Shields
 25119 | Lair:2   | Reached skill level 5 in Fire Magic
 27835 | Lair:4   | Found a hole to the Spider Nest.
 27841 | Lair:4   | Reached **** piety under Sif Muna
 28614 | Lair:5   | Reached skill level 12 in Spellcasting
 28891 | Lair:5   | Identified the +1 ring mail of Lubrusm {Stlth+}
 28896 | Lair:5   | HP: 4/86 [meliai/divine providence (10)]
 28896 | Lair:5   | Demolished by a cane toad

Illustrated notes

Levels and vault maps discovered:
D:1:      mrwooster_arrival_arrow, layout_loops_ring
D:2:      layout_rooms, nicolae_ashenzari_panopticon, lemuel_crystal_altar,
          uniq_crazy_yiuf_cottage
D:3:      layout_loops_cross, chequers_serial_rivers_small_b, st_stairs_9,
          minmay_distorted
D:4:      layout_layer_cave, grunt_qazlal_sundering,
          grunt_temple_overflow_gold_and_silver, temple_pool_b, uniq_menkaure,
          uniq_blork_the_orc
D:5:      layout_layer_cave
D:6:      layout_basic, grunt_temple_overflow_open, old_standard_altar,
          kennysheep_mini_moat, kennysheep_little_box
D:7:      layout_rooms, vehumet_statue, lemuel_round_altar
D:8:      layout_loops_corners, basic_altar, serial_bayou_lagoon_b, uniq_harold
D:9:      layout_roguey, led_sif_book, david_orc_2
D:10:     layout_long_grid, basic_altar, gammafunk_ghost_hydra_chop, trog_wizard
D:11:     layout_gridville, david_lair_generic, minmay_guarded_unrand_resistance
D:12:     layout_roguey [special_room_bee], ebering_ghost_gozag,
          lemuel_flamethrower_3, uniq_azrael
D:13:     layout_basic, grunt_vaults_entry_fortified, uniq_maurice
Temple:   corrupted_temple
Lair:1:   layout_regular_city
Lair:2:   layout_layer_cave, minmay_shattered_shrine, lemuel_fruit_tree,
          infiniplex_staircase_pool_2
Lair:3:   layout_big_grid, minmay_swamp_entry_worms, pond, grunt_megastairs_2
Lair:4:   lemuel_slime, layout_regular_city, nicolae_spider_entry_tight_spaces,
          st_stairs_8, nicolae_lair_yak_garden
Lair:5:   regret_index_bee_streams, layout_hall_layers

Skill      XL: |  1  2  3  4  5  6  7  8  9 10 11 12 13 |
---------------+----------------------------------------+-----
Stealth        | 3 4 5 6 7 8 9 10 | 10.3
Spellcasting   | 4 5 6 7 8 10 11 12 | 12.0
Short Blades   | 1 2 3 4 5 6 7 |  7.4
Conjurations   | 2 3 4 5 6 7 8 |  8.9
Fighting       | 1 2 3 4 5 6 7 |  7.1
Dodging        | 3 4 5 |  5.4
Summonings     | 2 3 |  3.8
Translocations | 2 3 4 |  4.5
Fire Magic     | 2 3 4 5 |  5.6
Air Magic      | 2 3 4 |  4.0
Poison Magic   | 2 3 |  3.4
Throwing       | 1 2 |  2.6
Invocations    | 3 4 |  4.1
Evocations     | 1 |  1.7
Earth Magic    | 2 |  2.7
Shields        | 2 |  2.1

Action                   |  1- 3 |  4- 6 |  7- 9 | 10-12 | 13-15 || total
-------------------------+-------+-------+-------+-------+-------++-------
Melee: Dagger            |    34 |    89 |   199 |   357 |       ||   679
       Constrict         |     5 |    27 |    37 |    77 |    16 ||   162
       Tentacles         |     4 |    12 |    31 |   137 |    30 ||   214
       Rapier            |       |       |       |   257 |   132 ||   389
Throw: Dart              |     3 |       |     9 |     9 |     7 ||    28
 Cast: Magic Dart        |    24 |    11 |    61 |   193 |   185 ||   474
       Call Imp          |     3 |     4 |     5 |    39 |    27 ||    78
       Blink             |     2 |       |     4 |    32 |    48 ||    86
       Mephitic Cloud    |       |       |    13 |   100 |    34 ||   147
       Conjure Flame     |       |       |     3 |     6 |     2 ||    11
       Iskenderun's Batt |       |       |       |       |    29 ||    29
Evoke: Wand              |       |       |       |    16 |    21 ||    37
  Use: Scroll            |       |    10 |     2 |    12 |     6 ||    30
       Potion            |       |       |       |     4 |     7 ||    11
 Stab: Sleeping          |     8 |    13 |    16 |    23 |     8 ||    68
       Distracted        |     1 |       |       |       |     2 ||     3
       Confused          |       |       |     1 |    31 |    12 ||    44
Armor: Skin              |     2 |     6 |     7 |    67 |    21 ||   103
Dodge: Dodged            |    24 |    33 |    87 |   298 |    72 ||   514
Block: Kite shield       |       |       |       |    24 |    94 ||   118

Table legend: (Time is in decaauts)
 A = Elapsed time spent in this place.
 B = Non-inter-level travel time spent in this place.
 C = Inter-level travel time spent in this place.
 D = Time resting spent in this place.
 E = Time spent auto-exploring this place.
 F = Levels seen in this place.
 G = Mean time per level.
                   A        B        C        D        E       F      G
               +--------+--------+--------+--------+--------+-----+--------+
         Total |  28759 |  28048 |    711 |   9451 |  10893 |  19 | 1513.6 |
       Dungeon |  19898 |  19369 |    529 |   5690 |   8216 |  13 | 1530.6 |
        Temple |     74 |     74 |      0 |      0 |     20 |   1 |   74.0 |
          Lair |   8786 |   8604 |    182 |   3761 |   2657 |   5 | 1757.2 |
               +--------+--------+--------+--------+--------+-----+--------+

Top non-repeatable levels by time:
  Lair:2: 2932 daAuts
  Lair:3: 2555 daAuts
     D:6: 2352 daAuts
    D:10: 2222 daAuts
    D:13: 1967 daAuts
    D:11: 1948 daAuts
     D:9: 1937 daAuts
     D:8: 1720 daAuts
     D:5: 1523 daAuts
  Lair:4: 1515 daAuts
  Lair:1: 1475 daAuts
     D:4: 1441 daAuts
     D:2: 1082 daAuts
     D:7: 1051 daAuts
    D:12: 1012 daAuts
